 Dungeon Crawl Stone Soup version 0.17-a0-2208-ge5ab1d3 (webtiles) character file.

1290 4thArraOfDagon the Covered (level 8, 1/62 HPs)
             Began as a Formicid Necromancer on Oct 26, 2015.
             Was a Follower of Cheibriados.
             Quit the game on level 10 of the Dungeon.
             The game lasted 00:09:19 (1388 turns).

4thArraOfDagon the Covered (Formicid Necromancer)   Turns: 1388, Time: 00:09:19

Health: 1/62       AC: 11    Str: 15      XL:     8   Next: 86%
Magic:  1/3        EV:  7    Int: 21      God:    Cheibriados [*.....]
Gold:   67         SH:  0    Dex: 12 (14) Spells: 1 memorised, 10 levels left

rFire  + . .     SeeInvis +     m - +2 war axe (antimagic)
rCold  . . .     Clarity  .     h - +0 chain mail
rNeg   . . .     SustAt   .     (no shield)
rPois  .         Gourm    .     (helmet unavailable)
rElec  .         Spirit   .     (no cloak)
rCorr  .         Warding  .     (no gloves)
rMut   .         Stasis   +     o - +0 pair of boots
MR     .....                    (no amulet)
Stlth  ..........               (no ring)
                                n - ring of protection from fire

@: lethally poisoned (1 -> -14), very slow, not resistant to hostile
enchantments, extremely unstealthy
A: permanent stasis, dig shafts and tunnels, four strong arms, antennae 3
a: Dig, Shaft Self, Bend Time, Renounce Religion


You were on level 10 of the Dungeon.
You worshipped Cheibriados.
Cheibriados was aware of your devotion.
You were full.

You visited 3 branches of the dungeon, and saw 12 of its levels.

You collected 67 gold pieces.

Inventory:

Hand Weapons
 k - a +0 flail
 m - a +2 antimagic war axe (weapon)
 s - a +0 blowgun
Missiles
 r - 12 poisoned needles
Armour
 a - a +0 robe
 h - a +0 chain mail (worn)
 j - a +0 ring mail
 o - a +0 pair of boots (worn)
Jewellery
 n - a ring of protection from fire (left hand)
Wands
 i - a wand of random effects (0)
Scrolls
 e - 2 scrolls of teleportation
 g - 2 scrolls of identify
Books
 b - a book of Necromancy

   Spells                             Type                      Level
   a - Pain                           Necromancy                   1
   b - Animate Skeleton               Necromancy                   1
   c - Vampiric Draining              Necromancy                   3
   d - Regeneration                   Charms/Necromancy            3
   e - Animate Dead                   Necromancy                   4
   f - Control Undead                 Necromancy                   4
Comestibles
 c - 2 bread rations


   Skills:
 + Level 5.3 Fighting
 * Level 5.4 Axes
 + Level 5.5 Armour
 - Level 1.7 Dodging
 - Level 2.4 Stealth
 - Level 2.1 Spellcasting
 - Level 4.0 Necromancy
 + Level 4.7 Invocations


You had 10 spell levels left.
You knew the following spells:

 Your Spells              Type           Power        Failure   Level  Hunger
a - Pain                  Necr           ###.         50%         1    #......


Dungeon Overview and Level Annotations

Branches:
Dungeon (12/15)            Temple (1/1) D:6            Lair (0/8) D:11
    Orc (1/4) D:10

Altars:
Cheibriados
Dithmenos
Elyvilon
Kikubaaqudgha
Nemelex Xobeh
Okawaru
Qazlal
Ru
Sif Muna
Trog
Vehumet
Xom
Yredelemnul
Zin
The Shining One


Innate Abilities, Weirdness & Mutations

You are under a permanent stasis effect.
You can dig through walls and to a lower floor.
Your four strong arms can wield two-handed weapons with a shield.
You have a pair of large antennae on your head (SInv).


Message History

You aren't carrying any potions.
Read which item? (? for menu, Esc to quit)
Okay, then.
Read which item? (? for menu, Esc to quit)
You don't have any unidentified items.
Unknown command.
Unknown command.
This spell is impossible to cast!
Memorise Regeneration, consuming 3 spell levels and leaving 7?
Your memorisation is interrupted.
* * * LOW HITPOINT WARNING * * *
You feel sick.
Unknown command.
* * * LOW HITPOINT WARNING * * *
You feel sick.
Unknown command.
* * * LOW HITPOINT WARNING * * *
You feel sick.
Unknown command.
Are you sure you want to abandon this character and quit the game? (Confirm with "yes".)

......... ......... {
........{###########.
.......##...)........
........(.(............# ..#
%.....###)#............# ..#
..... #>#............##..#
.... #)###.######...{{..#
... #{#@##..#.##..{....# .#
#(##.)(#.#.#.......#
.########(##########.......#
...................#.#.#
.######............#)#>##
#.....{........(..#
#.............รท...#
#.................#
#.................#


There were no monsters in sight!

Vanquished Creatures
  A centaur skeleton (D:10)
  A hippogriff (D:10)
  2 ogres
  An eye of draining (D:11)
  2 centaurs (D:10)
  A big kobold (D:10)
  2 killer bees (D:10)
  A giant frog zombie (D:10)
  A crimson imp (D:10)
  3 hounds (D:10)
  3 orc wizards (D:10)
  2 worker ants
  2 adders (D:10)
  A giant gecko (D:6)
  12 orcs
  3 jackals (D:4)
  3 kobolds (D:10)
41 creatures vanquished.

Notes
Turn   | Place    | Note
--------------------------------------------------------------
     0 | D:1      | 4thArraOfDagon the Formicid Necromancer began the quest for the Orb.
     0 | D:1      | Reached XP level 1. HP: 13/13 MP: 3/3
    35 | D:1      | You fall through a shaft!
    54 | D:3      | You fall through a shaft!
    97 | D:5      | Entered Level 5 of the Dungeon
   219 | D:6      | Found a staircase to the Ecumenical Temple.
   220 | D:6      | Noticed a worker ant
   220 | D:6      | Noticed an ogre
   221 | D:6      | rly
   227 | D:6      | rly
   228 | D:6      | Killed a worker ant
   228 | D:6      | Reached skill level 1 in Fighting
   228 | D:6      | Reached XP level 2. HP: 13/22 MP: 5/5
   228 | D:6      | Reached XP level 3. HP: 15/27 MP: 6/6
   233 | D:6      | Killed an ogre
   233 | D:6      | Reached XP level 4. HP: 10/35 MP: 7/7
   233 | D:6      | Reached XP level 5. HP: 11/41 MP: 8/8
   249 | Temple   | Entered the Ecumenical Temple
   306 | Temple   | Became a worshipper of Cheibriados the Contemplative
   334 | D:6      | Noticed an orc wizard
   339 | D:6      | You fall through a shaft for 3 floors!
   382 | D:9      | Noticed a phantom
   397 | D:9      | Noticed a centaur
   401 | D:9      | You fall through a shaft for 3 floors!
   407 | D:11     | Noticed an eye of draining
   415 | D:11     | Killed an eye of draining
   415 | D:11     | Reached skill level 1 in Axes
   415 | D:11     | Reached skill level 1 in Invocations
   415 | D:11     | Reached XP level 6. HP: 22/47 MP: 0/9
   499 | D:10     | Entered Level 10 of the Dungeon
   554 | D:10     | Noticed a hippogriff
   615 | D:10     | Reached XP level 7. HP: 21/54 MP: 3/10
   622 | D:10     | Noticed a centaur skeleton
   642 | D:10     | Killed a centaur skeleton
   642 | D:10     | Reached XP level 8. HP: 15/61 MP: 3/11
   792 | D:10     | Found a staircase to the Orcish Mines.
   805 | D:10     | Reached * piety under Cheibriados
   805 | D:10     | Reached skill level 5 in Armour
   821 | Orc:1    | Entered Level 1 of the Orcish Mines
   850 | Orc:1    | Noticed an orc knight
   876 | D:10     | Reached skill level 5 in Fighting
   886 | D:10     | HP: 2/62 [quasit (2)]
  1332 | D:10     | Reached skill level 5 in Axes
  1382 | D:10     | Killed a hippogriff
  1386 | D:10     | HP: 3/62 [poisoned by an orc wizard]
  1387 | D:10     | HP: 1/62 [poisoned by an orc wizard]
  1388 | D:10     | Quit the game

Vault maps used:
D:1:      dpeg_arrival_windows_large_door
D:2:      lemuel_doored_altar
D:4:      first_bread, kennysheep_big_empty_room, serial_park_tiny_1
D:5:      fedhas_bush_and_centaur_altar
D:6:      minmay_temple_entry_large_hall, uniq_prince_ribbit1
D:10:     orc_0_dummy, nicolae_trove_entry_free_sample,
          hangedman_abyss_or_decor_stabs
D:11:     david_lair_shrubbed, serial_shops, shop, portal_ice_cave_entry_imps,
          grunt_livestock
D:12:     serial_shops, nicolae_shop_scaring_up_business
Temple:   nicolae_temple_elliptical
Orc:1:    uniq_urug

Action                   |  1- 3 |  4- 6 |  7- 9 || total
-------------------------+-------+-------+-------++-------
Melee: Flail             |    14 |       |       ||    14
       War axe           |       |    71 |   114 ||   185
 Fire: Blowgun           |       |       |     8 ||     8
Invok: Bend Time         |       |       |     1 ||     1
 Abil: Shaft Self        |     2 |     2 |       ||     4
       Dig               |       |       |     5 ||     5
Evoke: Wand              |     5 |       |     8 ||    13
  Use: Potion            |     2 |     1 |     1 ||     4
       Scroll            |     1 |     2 |     2 ||     5
 Stab: Paralysed         |     1 |       |     3 ||     4
  Eat: Chunk             |       |     1 |       ||     1
       Pizza             |       |       |     2 ||     2
       Meat ration       |       |       |     1 ||     1
